Map: Nightshade LE

Players

antagomiR - Winner!

  • Race: Protoss Protoss
  • League: Gold
  • Spawn Location: 11:00

Taikuda

  • Race: Protoss Protoss
  • League: Diamond
  • Spawn Location: 5:00

VOD

Have the link to the VOD?

Description

Time

  • Played on: April 22, 2020, 1:46 a.m.
  • Length: 25:19
Show
View Real Time Build Order
Export as new Build Order

antagomiR Protoss - Winner!

Build Orders:  

Get SALT Encoding   

  12  0:03  Probe  
  13  0:15  Probe  
  13  0:19  Pylon  
  14  0:28  Probe, Pylon  
  15  0:46  Probe (Chrono Boost), Gateway  
  16  0:58  Probe (Chrono Boost)  
  16  1:00  Assimilator  
  17  1:08  Probe (Chrono Boost)  
  18  1:39  Cybernetics Core  
  17  1:45  Probe  
  18  1:57  Probe  
  19  2:09  Probe  
  20  2:17  Warp Gate  
  20  2:19  Adept  
  22  2:24  Assimilator  
  22  2:25  Probe  
  23  2:30  Nexus  
  23  2:33  Pylon  
  23  2:51  Probe, Stalker  
  26  3:03  Probe  
  26  3:04  Robotics Facility  
  27  3:16  Probe  
  28  3:21  Pylon  
  28  3:28  Probe  
  29  3:37  Sentry  
  29  3:40  Probe  
  32  3:44  Probe  
  33  3:52  Probe  
  34  3:56  Probe  
  34  3:58  Observer  
  36  4:03  Adept  
  36  4:04  Probe  
  36  4:07  Gateway x2  
  36  4:08  Probe  
  40  4:16  Probe  
  41  4:20  Probe  
  42  4:25  Shield Battery  
  42  4:33  Adept  
  42  4:34  Probe x2  
  46  4:46  Probe x2  
  46  4:47  Twilight Council  
  46  4:49  Forge  
  48  4:58  Probe x2  
  38  5:10  Probe  
  38  5:15  Stalker x2  
  42  5:31  Immortal (Chrono Boost), Sentry  
  45  5:42  Probe x2  
  40  5:52  Charge  
  40  5:54  Probe x2  
  42  6:06  Probe x2  
  42  6:10  Assimilator  
  44  6:13  Assimilator  
  44  6:14  Stalker x2  
  48  6:18  Probe  
  48  6:19  Probe  
  50  6:27  Pylon  
  50  6:34  Probe x2  
  52  6:46  Probe  
  45  7:01  Stalker  
  45  7:02  Stalker x2  
  51  7:14  Protoss Ground Weapons Level 1 (Chrono Boost)  
  51  7:15  Probe x2  
  53  7:27  Probe x2  
  55  7:41  Probe x2  
  53  7:53  Probe x2  
  53  7:56  Zealot x3  
  61  8:05  Probe  
  62  8:22  Pylon  
  62  8:39  Photon Cannon  
  62  8:40  Probe x2, Immortal  
  68  8:42  Photon Cannon  
  68  8:44  Zealot  
  70  8:58  Nexus  
  70  9:03  Probe  
  70  9:27  Pylon  
  70  9:31  Pylon  
  70  9:34  Pylon, Blink  
  70  9:43  Gateway  
  73  9:45  Probe x2  
  73  9:46  Observer  
  73  9:51  Templar Archives  
  73  9:53  Protoss Ground Weapons Level 2 (Chrono Boost)  
  73  9:54  Stalker  
  73  9:55  Zealot  
  73  9:57  Probe x2  
  79  10:09  Probe x2  
  79  10:11  Observer  
  82  10:22  Probe x2  
  82  10:27  Probe  
  85  10:32  Immortal  
  85  10:34  Probe x2  
  91  10:36  Assimilator  
  91  10:38  Assimilator  
  91  10:39  Probe  
  91  10:40  Sentry x3, Colossus x4  
  91  10:41  Sentry  
  100  10:43  Pylon  
  100  10:45  Pylon  
  100  10:48  Probe  
  100  10:49  Probe  
  102  10:52  Probe  
  103  11:06  Photon Cannon  
  103  11:09  Photon Cannon  
  103  11:10  Shield Battery  
  103  11:16  Probe x2  
  105  11:20  Pylon  
  105  11:27  Pylon x2  
  105  11:28  High Templar  
  105  11:29  High Templar x3  
  113  11:33  Archon x2  
  113  11:49  Gateway  
  113  11:50  Gateway x2  
  113  11:53  Gateway  
  113  11:57  Gateway  
  113  12:00  Probe x3  
  116  12:01  Pylon  
  116  12:02  Pylon  
  116  12:09  High Templar x2  
  116  12:10  High Templar x2  
  116  12:12  Probe x2  
  116  12:13  Probe, Archon  
  116  12:14  Archon  
  127  12:24  Probe x2  
  127  12:25  Probe  
  127  12:26  Protoss Ground Weapons Level 3 (Chrono Boost)  
  130  12:36  Probe  
  130  12:37  Probe  
  132  12:44  Forge  
  132  12:45  Probe  
  132  12:48  Zealot x3  
  132  12:49  Probe x2, Zealot x3  
  132  12:50  Zealot x2  
  151  12:54  Warp Prism  
  153  13:21  Zealot x4  
  153  13:22  Zealot x2  
  165  13:39  Protoss Shields Level 1 (Chrono Boost)  
  165  13:41  Pylon  
  165  13:43  Pylon  
  165  13:45  Pylon  
  164  13:51  Pylon  
  164  13:53  Pylon  
  164  13:59  Immortal  
  158  14:15  High Templar x3  
  158  14:16  High Templar x3  
  168  14:19  High Templar x3  
  168  14:22  Archon x3  
  168  14:23  Archon  
  174  14:51  High Templar x3  
  174  14:52  High Templar x5  
  188  14:53  High Templar  
  188  14:55  Archon  
  188  14:56  Archon x3  
  188  14:57  Archon  
  192  15:10  Protoss Ground Armor Level 1  
  192  15:24  Nexus  
  192  15:25  Pylon, Zealot x4  
  192  15:28  Pylon  
  200  15:30  Assimilator  
  200  15:33  Assimilator  
  199  15:54  Stargate  
  199  15:55  Stargate  
  199  16:00  Stargate  
  199  16:02  Stargate  
  193  17:18  Zealot x3  
  163  17:36  High Templar  
  163  17:37  High Templar x5  
  162  17:38  High Templar  
  162  17:41  Archon x2  
  162  17:42  Archon  
  172  18:18  Zealot x5  
  172  18:19  Zealot x4  
  164  18:39  Zealot x2  
  164  18:40  Zealot x4  
  164  18:41  Zealot  
  164  18:48  High Templar x2  
  170  18:52  Archon  
  162  18:59  Observer  
  153  19:14  Fleet Beacon  
  135  19:21  Observer  
  130  19:29  Zealot x4  
  130  19:30  Zealot x3  
  130  19:31  Zealot x2  
  124  19:53  High Templar x3  
  124  19:54  High Templar x5  
  124  20:30  Photon Cannon  
  124  20:32  Photon Cannon  
  124  20:43  High Templar x4  
  124  20:44  High Templar x5  
  124  20:47  Archon x2  
  124  20:48  Archon x2  
  142  20:57  Probe x4  
  142  21:03  Tempest  
  151  21:19  Sentry  
  151  21:20  Sentry  
  155  21:51  High Templar x2  
  159  21:54  Zealot x3  
  159  21:55  Zealot x3  
  159  21:56  Zealot  
  159  21:58  Archon  
  173  22:18  Tempest x2  
  183  23:04  Tempest x2  
  193  23:15  Photon Cannon  
  193  23:37  Tempest  
  198  23:42  Nexus  
  198  23:43  Pylon  
  198  23:46  Pylon  
  198  23:47  Assimilator  
  198  23:51  Assimilator  
  198  24:54  Zealot  
Show
View Real Time Build Order
Export as new Build Order

Taikuda Protoss 

Build Orders: Oracle Opening, Carriers 

Get SALT Encoding   

  12  0:02  Probe  
  13  0:17  Pylon  
  13  0:20  Probe (Chrono Boost)  
  14  0:32  Probe (Chrono Boost)  
  15  0:36  Gateway  
  15  0:49  Forge  
  15  0:52  Probe  
  16  1:10  Pylon  
  16  1:26  Photon Cannon  
  15  1:41  Cybernetics Core  
  15  1:44  Pylon  
  15  1:53  Assimilator  
  15  1:54  Assimilator  
  15  1:57  Pylon  
  15  1:58  Probe (Chrono Boost)  
  16  2:07  Probe (Chrono Boost)  
  17  2:18  Probe  
  18  2:38  Photon Cannon  
  18  2:41  Probe (Chrono Boost)  
  19  2:50  Probe (Chrono Boost)  
  20  2:54  Pylon  
  20  2:55  Warp Gate  
  20  3:03  Stargate  
  20  3:13  Photon Cannon  
  20  3:17  Probe (Chrono Boost)  
  22  3:27  Probe (Chrono Boost)  
  22  3:32  Probe (Chrono Boost)  
  23  3:49  Oracle (Chrono Boost)  
  26  4:11  Nexus  
  26  4:18  Shield Battery  
  26  4:24  Oracle (Chrono Boost)  
  29  4:32  Assimilator  
  29  4:35  Assimilator  
  29  4:39  Protoss Ground Weapons Level 1 (Chrono Boost)  
  29  5:31  Gateway x2  
  29  5:35  Pylon  
  29  5:49  Probe (Chrono Boost)  
  30  5:52  Void Ray  
  34  5:58  Probe (Chrono Boost), Stalker  
  34  6:03  Probe (Chrono Boost)  
  37  6:11  Pylon  
  38  6:17  Probe (Chrono Boost)  
  39  6:22  Probe (Chrono Boost)  
  40  6:30  Stalker x3  
  40  6:32  Probe x2 (Chrono Boost)  
  48  6:37  Probe (Chrono Boost)  
  48  6:39  Probe  
  50  6:44  Protoss Ground Armor Level 1 (Chrono Boost)  
  50  6:56  Stalker x2  
  50  7:01  Probe (Chrono Boost)  
  55  7:07  Pylon  
  55  7:10  Probe (Chrono Boost)  
  55  7:13  Void Ray  
  55  7:14  Robotics Facility  
  60  7:19  Stalker  
  62  7:36  Stalker  
  64  7:37  Photon Cannon  
  64  7:38  Shield Battery  
  64  7:43  Probe (Chrono Boost)  
  65  7:52  Probe (Chrono Boost)  
  66  8:02  Stalker  
  66  8:03  Stalker  
  66  8:05  Observer (Chrono Boost)  
  71  8:20  Twilight Council  
  71  8:22  Immortal (Chrono Boost)  
  75  8:35  Protoss Air Weapons Level 1  
  75  8:41  Zealot  
  77  8:50  Pylon  
  77  8:54  Pylon  
  77  9:12  Stalker x3  
  77  9:16  Immortal  
  87  9:22  Probe (Chrono Boost)  
  89  9:31  Probe (Chrono Boost)  
  89  9:35  Zealot x2  
  89  9:37  Nexus  
  93  9:39  Charge (Chrono Boost)  
  93  9:40  Pylon  
  93  9:41  Pylon  
  93  9:45  Pylon  
  93  10:00  Photon Cannon  
  93  10:02  Photon Cannon  
  93  10:04  Photon Cannon  
  93  10:07  Shield Battery  
  93  10:10  Shield Battery  
  93  10:16  Pylon  
  93  10:21  Assimilator  
  93  10:23  Assimilator  
  93  10:24  Probe (Chrono Boost)  
  94  10:30  Phoenix (Chrono Boost)  
  94  10:33  Probe (Chrono Boost)  
  97  10:44  Dark Shrine  
  97  10:47  Stalker  
  99  11:03  Observer (Chrono Boost)  
  100  11:31  Void Ray  
  104  11:36  Photon Cannon  
  104  11:38  Photon Cannon  
  104  11:47  Probe (Chrono Boost)  
  105  11:57  Probe (Chrono Boost)  
  106  12:02  Probe (Chrono Boost)  
  106  12:03  Fleet Beacon  
  107  12:08  Templar Archives  
  107  12:14  Zealot x2  
  107  12:15  Zealot  
  113  12:19  Immortal  
  117  12:23  Probe (Chrono Boost)  
  118  12:32  Probe (Chrono Boost)  
  119  12:37  Probe (Chrono Boost)  
  119  12:40  Gateway  
  119  12:42  Gateway  
  120  12:44  Zealot x2  
  120  12:45  Zealot  
  120  12:49  Probe  
  127  13:09  Zealot  
  127  13:10  Zealot x2  
  127  13:12  Psionic Storm  
  133  13:21  Void Ray  
  137  13:32  Zealot x2  
  141  13:40  Pylon  
  141  13:42  Pylon  
  141  13:57  Immortal (Chrono Boost)  
  138  14:08  Probe (Chrono Boost)  
  137  14:18  Probe (Chrono Boost)  
  137  14:26  Probe (Chrono Boost)  
  138  14:31  Probe (Chrono Boost)  
  138  14:33  Pylon  
  138  14:35  Carrier  
  145  14:42  Probe  
  145  14:45  Stargate  
  146  14:48  Stargate  
  146  14:51  Pylon  
  146  14:52  Immortal, Stargate  
  150  15:04  Photon Cannon  
  150  15:05  Photon Cannon  
  150  15:33  Probe (Chrono Boost)  
  149  15:41  Carrier (Chrono Boost)  
  150  15:43  Probe (Chrono Boost)  
  150  15:44  Shield Battery  
  150  15:49  High Templar x2  
  160  15:50  High Templar  
  162  15:57  Pylon  
  162  16:00  Pylon  
  162  16:07  Observer  
  162  16:09  Carrier  
  169  16:16  Pylon, Carrier x2  
  181  16:29  Observer  
  182  16:44  Carrier  
  182  16:46  High Templar  
  190  16:47  High Templar  
  147  17:22  Zealot  
  124  17:23  Zealot x2  
  86  17:40  Zealot x2  
  65  17:48  Zealot  
  65  17:49  Zealot  
  65  17:50  Zealot  
  25  18:10  Dark Templar x2  
  25  18:11  Dark Templar x2  
  7  20:46  Pylon  
  7  21:56  Pylon  
Tags
 
Composition
Carriers
Matchup
PvP
Replay Pack
20200422
Spawn Locations
Cross Positions
Add a new tag
Caveats
  • Supply blocks, unpowered buildings, or Contaminate may cause inaccurate times.
  • Supply counts are checked every 10 seconds.